 Dungeon Sprint DCSS version 0.30.0-2-g1aa4bd4387 (webtiles) character file.

Game seed: 15347148638383514418

24840 Groucho the Ninja (level 12, -2/65 HPs)
             Began as a Spriggan Berserker on May 7, 2023.
             Was a High Priest of Trog.
             Slain by the 27-headed Lernaean hydra (8 damage)
             ... in the Dungeon (Sprint I: "Red Sonja").
             The game lasted 00:21:27 (4501 turns).

Groucho the Ninja (Spriggan Berserker)              Turns: 4501, Time: 00:21:28

Health: -2/65      AC:  9    Str: 15    XL:     12   Next: 84%
Magic:  0/29       EV: 42    Int:  1    God:    Trog [*****.]
Gold:   3258       SH:  0    Dex: 28    Spells: 41/41 levels left

rFire   + + .        s - +14 dagger "Siwoubutz" {flame, rElec rC+ Int-3 Dex+5}
rCold   + + .        (no shield)
rNeg    + . .        b - +0 animal skin
rPois   .            q - +0 hat of Life {rF++ rC+ Int-5 Dex+3}
rElec   +            x - +2 cloak
rCorr   .            (gloves unavailable)
SInv    +            (boots unavailable)
Will    ++...        r - amulet "Russorgh" {Spirit rElec}
Stlth   +++++        o - +4 ring of protection
HPRegen 0.30/turn    p - ring "Zaah" {rF+ rN+ Dex+3}
MPRegen 0.21/turn

%: no teleportation, guardian spirit
@: slow
A: very small, no large weapons, unfitting armour, see invisible, speed 3, frail
1, low MP 1, mutation resistance 1, heat vulnerability 1
a: Renounce Religion, Berserk, Trog's Hand, Brothers in Arms


You were in the Dungeon.
You worshipped Trog.
Trog was extremely pleased with you.
You visited 1 branch You collected 4944 gold pieces.
You spent 1686 gold pieces at shops.

Inventory:

Hand Weapons
 a - a +0 short sword
 l - a +4 antimagic rapier
 s - the +14 dagger "Siwoubutz" (weapon) {flame, rElec rC+ Int-3 Dex+5}
   (Trog gifted it to you in the Dungeon)

   Int:       It affects your intelligence (-3).
   Dex:       It affects your dexterity (+5).
   rC:        It protects you from cold.
   rElec:     It insulates you from electricity.
 t - a +2 heavy quick blade
 u - the +8 short sword "Tinengoer" {flame, rPois rF+ Dex+3}
   (Trog gifted it to you in the Dungeon)

   Dex:       It affects your dexterity (+3).
   rF:        It protects you from fire.
   rPois:     It protects you from poison.
Armour
 b - a +0 animal skin (worn)
 q - the +0 hat of Life (worn) {rF++ rC+ Int-5 Dex+3}
   (You acquired it in the Dungeon)

   Int:       It affects your intelligence (-5).
   Dex:       It affects your dexterity (+3).
   rF:        It greatly protects you from fire.
   rC:        It protects you from cold.
 x - a +2 cloak (worn)
Jewellery
 k - an amulet of magic regeneration
 o - a +4 ring of protection (left hand)
 p - the ring "Zaah" (right hand) {rF+ rN+ Dex+3}
   (You acquired it in the Dungeon)

   [ring of protection from fire]

   Dex:       It affects your dexterity (+3).
   rF:        It protects you from fire.
   rN:        It protects you from negative energy.
 r - the amulet "Russorgh" (around neck) {Spirit rElec}
   (You acquired it in the Dungeon)

   [amulet of guardian spirit]

   It causes incoming damage to be divided between your reserves of health and
   magic.
   rElec:     It insulates you from electricity.
 w - a ring of magical power
Wands
 i - a wand of mindburst (12)
Scrolls
 h - 2 scrolls of fog
 j - 8 scrolls of identify
 v - 3 scrolls of immolation
Potions
 c - 6 potions of curing
 d - 3 potions of heal wounds
 e - a potion of haste
 f - 4 potions of magic
 g - a potion of berserk rage
 m - 2 potions of cancellation
 n - a potion of degeneration
 z - a potion of attraction


   Skills:
 + Level 13.1 Fighting
 + Level 16.7 Short Blades
 + Level 19.6 Dodging
 O Level 27 Stealth
 * Level 15.1 Spellcasting


You had 41 spell levels left.
You didn't know any spells.
Your spell library was empty.

Dungeon Overview and Level Annotations

Branches:
Dungeon (1/1)

Altars:
Cheibriados
Dithmenos
Elyvilon
Fedhas
Gozag
Hepliaklqana
Kikubaaqudgha
Makhleb
Nemelex Xobeh
Okawaru
Qazlal
Ru
Sif Muna
Trog
Uskayaw
Vehumet
Wu Jian
Xom
Yredelemnul
Zin
The Shining One
Jiyva
Lugonu

Shops:
D ??(!=([?*?:*(:((?*([([

Annotations:
D Lernaean hydra


Innate Abilities, Weirdness & Mutations

You are very small and have problems with some larger weapons.
You are too small for most types of armour.
You have supernaturally acute eyesight. (SInv)
You cover ground extremely quickly. (Speed+++)
You are frail. (-10% HP)
Your magical capacity is low. (-10% MP)
You are somewhat resistant to further mutation.
You are vulnerable to heat. (rF-)


Message History

The 27-headed Lernaean hydra barely misses you.
The 27-headed Lernaean hydra completely misses you.
The 27-headed Lernaean hydra bites you!
The 27-headed Lernaean hydra completely misses you.
The 27-headed Lernaean hydra closely misses you.
The 27-headed Lernaean hydra completely misses you.
The 27-headed Lernaean hydra closely misses you.
The 27-headed Lernaean hydra completely misses you. x4
The 27-headed Lernaean hydra bites you.
The 27-headed Lernaean hydra completely misses you.
The 27-headed Lernaean hydra closely misses you.
The 27-headed Lernaean hydra bites you but does no damage.
The 27-headed Lernaean hydra barely misses you.
The 27-headed Lernaean hydra bites you.
The 27-headed Lernaean hydra completely misses you.
The 27-headed Lernaean hydra bites you.
Unknown command.
The 27-headed Lernaean hydra bites you! The 27-headed Lernaean hydra bites you.
The 27-headed Lernaean hydra bites you!
* * * LOW HITPOINT WARNING * * *
The 27-headed Lernaean hydra completely misses you. x4
The 27-headed Lernaean hydra bites you.
* * * LOW HITPOINT WARNING * * *
The 27-headed Lernaean hydra closely misses you.
The 27-headed Lernaean hydra completely misses you. x2
The 27-headed Lernaean hydra closely misses you.
The 27-headed Lernaean hydra completely misses you.
The 27-headed Lernaean hydra bites you.
* * * LOW HITPOINT WARNING * * *
The 27-headed Lernaean hydra completely misses you. x3
The 27-headed Lernaean hydra misses you.
The 27-headed Lernaean hydra bites you.
* * * LOW HITPOINT WARNING * * *
The 27-headed Lernaean hydra bites you.
* * * LOW HITPOINT WARNING * * *
The 27-headed Lernaean hydra barely misses you.
The 27-headed Lernaean hydra completely misses you.
The 27-headed Lernaean hydra misses you.
The 27-headed Lernaean hydra bites you!
You die...

○#.....#..###$#..≈.##§#.§..##
.###++##.##..$#..≈##...§...§##
## #.)#+###..≈#§..§.§....# #
##...#.≈..##§.........## #
###.#.≈..#....§[).....# #
#.###.)#...§§:†.....# # #.#
+..##...§......## ####'#
##'##..........# ## ###....#
#~@~##........## .#####...####
#~~D~##.[.[..## ...)...###
#~~~~~######## ...#####
####~~~~#~~~~° ).##
#..#'~~~'~~.~○ .##
#...##~~#~~~~~ .#
#....######'## ## #....# ≈
≈≈≈≈ ######


You could see the 27-headed Lernaean hydra.

Vanquished Creatures
  A golden dragon (D)
  A shadow dragon (D)
  4 fire giants (D)
  A lorocyproca (D)
  A mummy priest (D)
  A hydra (D)
  2 centaur warriors (D)
  Sonja (D)
  A deep troll (D)
  A lindwurm (D)
  2 oklob plants (D)
  8 shining eyes (D)
  A demonic crawler (D)
  2 merfolk sirens (D)
  2 gargoyles (D)
  7 unseen horrors (D)
  2 kobold demonologists (D)
  4 hornets (D)
  A hellwing (D)
  A slime creature (D)
  Sigmund (D)
  A yak (D)
  13 hogs (D)
  2 redbacks (D)
  7 floating eyes (D)
  An ogre (D)
  7 necrophages (D)
  8 jellies (D)
  Ijyb (D)
  A ballistomycete spore (D)
86 creatures vanquished.

Vanquished Creatures (collateral kills)
  A deep elf annihilator (D)
  3 demonic crawlers (D)
4 creatures vanquished.

Vanquished Creatures (others)
  A hornet (D)
  A ballistomycete spore (D)
2 creatures vanquished.

Grand Total: 92 creatures vanquished

Notes
Turn   | Place    | Note
-------+----------+-------------------------------------------
     0 | D        | Groucho the Spriggan Berserker began the quest for the Orb.
     0 | D        | Reached XP level 1. HP: 11/11 MP: 2/2
     2 | D        | Noticed Ijyb
    15 | D        | Killed Ijyb
    16 | D        | Reached skill level 8 in Stealth
    16 | D        | Reached XP level 2. HP: 5/16 MP: 3/3
   206 | D        | Noticed an ogre
   209 | D        | Killed an ogre
   210 | D        | Reached skill level 13 in Stealth
   210 | D        | Reached XP level 3. HP: 19/19 MP: 4/4
   210 | D        | Reached XP level 4. HP: 23/23 MP: 5/5
   223 | D        | Noticed Sigmund
   225 | D        | Killed Sigmund
   225 | D        | Reached ** piety under Trog
   226 | D        | Reached skill level 18 in Stealth
   226 | D        | Reached XP level 5. HP: 27/27 MP: 6/6
   237 | D        | Found a shimmering blue altar of Sif Muna.
   238 | D        | Found an ornate altar of the Wu Jian Council.
   239 | D        | Found a radiant altar of Vehumet.
   244 | D        | Reached XP level 6. HP: 32/32 MP: 7/7
   276 | D        | Found Keceb's Distillery.
   276 | D        | Found an ancient bone altar of Kikubaaqudgha.
   276 | D        | Found a hazy altar of Hepliaklqana.
   276 | D        | Found a stormy altar of Qazlal.
   276 | D        | Found a hide-covered altar of Uskayaw.
   276 | D        | Found a blossoming altar of Fedhas.
   276 | D        | Found a bloodstained altar of Trog.
   276 | D        | Found an iron altar of Okawaru.
   276 | D        | Found a basalt altar of Yredelemnul.
   276 | D        | Found a glowing golden altar of the Shining One.
   276 | D        | Found a snail-covered altar of Cheibriados.
   276 | D        | Found a sacrificial altar of Ru.
   276 | D        | Found a glowing silver altar of Zin.
   276 | D        | Found a shadowy altar of Dithmenos.
   276 | D        | Found a white marble altar of Elyvilon.
   276 | D        | Noticed a yak
   277 | D        | Found an opulent altar of Gozag.
   278 | D        | Killed a yak
   279 | D        | Reached skill level 5 in Short Blades
   279 | D        | Reached skill level 19 in Stealth
   279 | D        | Found a sparkling altar of Nemelex Xobeh.
   297 | D        | Found a burning altar of Makhleb.
   297 | D        | Found a shimmering altar of Xom.
   297 | D        | Noticed a slime creature
   298 | D        | Found a viscous altar of Jiyva.
   298 | D        | Found a corrupted altar of Lugonu.
   300 | D        | Killed a slime creature
   300 | D        | Reached *** piety under Trog
   301 | D        | Reached XP level 7. HP: 38/38 MP: 8/8
   320 | D        | Noticed a centaur warrior
   322 | D        | Noticed a centaur warrior
   323 | D        | Killed a centaur warrior
   324 | D        | Reached skill level 20 in Stealth
   324 | D        | Reached XP level 8. HP: 44/44 MP: 9/9
   324 | D        | Killed a centaur warrior
   325 | D        | Reached skill level 21 in Stealth
   681 | D        | Noticed a hornet
   684 | D        | Killed a hornet
   695 | D        | Noticed an oklob plant
   697 | D        | Killed an oklob plant
   697 | D        | Reached **** piety under Trog
   698 | D        | Reached skill level 10 in Short Blades
   698 | D        | Reached XP level 9. HP: 51/51 MP: 10/10
   707 | D        | Reached skill level 22 in Stealth
   735 | D        | Noticed an unseen horror
   736 | D        | Noticed an unseen horror
   742 | D        | Killed an unseen horror
   744 | D        | Killed an unseen horror
   744 | D        | Reached ***** piety under Trog
   748 | D        | Received a gift from Trog
  1064 | D        | Reached ****** piety under Trog
  1065 | D        | Reached skill level 23 in Stealth
  1080 | D        | Found Rayl's Magic Scroll Shoppe.
  1080 | D        | Found Fugu's Armour Shop.
  1080 | D        | Found Awapti's Assorted Antiques.
  1082 | D        | Found Ontucuca's Magic Scroll Emporium.
  1082 | D        | Found Baruo's Book Shop.
  1082 | D        | Found Juinle's General Store.
  1082 | D        | Found Jipn's Antique Weapon Boutique.
  1082 | D        | Found Kopna's Book Emporium.
  1082 | D        | Found Qose's Weapon Shop.
  1082 | D        | Found Yzegaid's Antique Weapon Shoppe.
  1086 | D        | Found Pehuat's Magic Scroll Boutique.
  1087 | D        | Found Ytirphek's Antique Weapon Emporium.
  1087 | D        | Found Keudeh's General Store.
  1088 | D        | Found Venihaz's Antique Weapon Emporium.
  1141 | D        | Noticed a deep troll
  1143 | D        | Killed a deep troll
  1144 | D        | Reached XP level 10. HP: 58/58 MP: 3/11
  1155 | D        | Found Garocil's Armour Emporium.
  1160 | D        | Bought a +0 cloak for 58 gold pieces
  1175 | D        | Noticed Sonja
  1178 | D        | Killed Sonja
  1178 | D        | Received a gift from Trog
  1228 | D        | Found Saniefef's Magic Scroll Boutique.
  1244 | D        | Noticed a shining eye
  1244 | D        | Noticed a shining eye
  1244 | D        | Noticed a shining eye
  1244 | D        | Noticed a shining eye
  1244 | D        | Noticed a shining eye
  1244 | D        | Noticed a shining eye
  1246 | D        | Gained mutation: You are frail. (-10% HP) [a shining eye]
  1247 | D        | Gained mutation: Your magical capacity is low. (-10% MP) [a
                  | shining eye]
  1247 | D        | Gained mutation: You are vulnerable to heat. (rF-) [a
                  | shining eye]
  1250 | D        | Gained mutation: You are somewhat resistant to further
                  | mutation. [a shining eye]
  1252 | D        | Killed a shining eye
  1260 | D        | Killed a shining eye
  1261 | D        | Reached skill level 15 in Dodging
  1261 | D        | Reached skill level 24 in Stealth
  1264 | D        | Paralysed by a floating eye for 4 turns
  1269 | D        | Killed a shining eye
  1270 | D        | Reached skill level 10 in Fighting
  1276 | D        | Killed a shining eye
  1276 | D        | Identified the +14 dagger "Siwoubutz" {flame, rElec rC+
                  | Int-3 Dex+5} (Trog gifted it to you in the Dungeon)
  1276 | D        | Received a gift from Trog
  1281 | D        | Killed a shining eye
  1282 | D        | Paralysed by a floating eye for 4 turns
  1292 | D        | Paralysed by a floating eye for 4 turns
  1302 | D        | Paralysed by a floating eye for 4 turns
  1307 | D        | Killed a shining eye
  1526 | D        | Noticed a shining eye
  1526 | D        | Noticed a shining eye
  1533 | D        | Killed a shining eye
  1534 | D        | Reached XP level 11. HP: 57/57 MP: 3/10
  1539 | D        | Killed a shining eye
  1540 | D        | Reached skill level 25 in Stealth
  1540 | D        | Found Pairgh's Magic Scroll Shoppe.
  1540 | D        | Found Rapuckiu's Antique Weapon Emporium.
  1541 | D        | Found Ehitiodo's Jewellery Shop.
  1541 | D        | Found Roidd's Weapon Boutique.
  1559 | D        | Bought a scroll of acquirement for 520 gold pieces
  1559 | D        | Bought a scroll of acquirement for 520 gold pieces
  1560 | D        | Acquired the ring "Zaah" {rF+ rN+ Dex+3}
  1563 | D        | Acquired the +0 hat of Life {rF++ rC+ Int-5 Dex+3}
  1572 | D        | Acquired the amulet "Russorgh" {Spirit rElec}
  2145 | D        | Received a gift from Trog
  2189 | D        | Received a gift from Trog
  2190 | D        | Reached skill level 5 in Spellcasting
  2521 | D        | Noticed a lindwurm
  2523 | D        | Killed a lindwurm
  2581 | D        | Identified the +3 dagger of Anger {flame, *Noise rF+ Dex+5}
                  | (Trog gifted it to you in the Dungeon)
  2581 | D        | Received a gift from Trog
  2818 | D        | Noticed a 12-headed hydra
  2820 | D        | Killed a 12-headed hydra
  2822 | D        | Identified the +8 short sword "Tinengoer" {flame, rPois rF+
                  | Dex+3} (Trog gifted it to you in the Dungeon)
  2822 | D        | Received a gift from Trog
  3205 | D        | Noticed a lorocyproca
  3210 | D        | Killed a lorocyproca
  3211 | D        | Reached skill level 15 in Short Blades
  3211 | D        | Reached skill level 26 in Stealth
  3323 | D        | Noticed a shadow dragon
  3324 | D        | Noticed a golden dragon
  3328 | D        | Killed a shadow dragon
  3329 | D        | Reached skill level 10 in Spellcasting
  3330 | D        | Killed a golden dragon
  3331 | D        | Reached XP level 12. HP: 63/63 MP: 23/25
  3384 | D        | Found Kotereuck's Armour Shoppe.
  3393 | D        | Bought a +2 cloak for 198 gold pieces
  3442 | D        | Noticed a daeva
  3453 | D        | Received a gift from Trog
  3467 | D        | Noticed a fire giant
  3470 | D        | Noticed a fire giant
  3471 | D        | Noticed a fire giant
  3472 | D        | Noticed a fire giant
  3474 | D        | Killed a fire giant
  3478 | D        | Killed a fire giant
  3480 | D        | Killed a fire giant
  3481 | D        | Reached skill level 27 in Stealth
  3482 | D        | Killed a fire giant
  3482 | D        | Received a gift from Trog
  3558 | D        | Noticed a deep elf annihilator
  3921 | D        | Killed a deep elf annihilator
  3921 | D        | Received a gift from Trog
  3963 | D        | Noticed a mummy priest
  3965 | D        | Acquired 711 gold pieces
  4035 | D        | Bought a viscous brown potion for 18 gold pieces
  4035 | D        | Bought a viscous brown potion for 18 gold pieces
  4035 | D        | Bought an emerald potion for 18 gold pieces
  4038 | D        | Bought a potion of heal wounds for 60 gold pieces
  4038 | D        | Bought a potion of heal wounds for 60 gold pieces
  4038 | D        | Bought a potion of flight for 36 gold pieces
  4043 | D        | Bought 3 scrolls of identify for 84 gold pieces
  4043 | D        | Bought a scroll of identify for 28 gold pieces
  4043 | D        | Bought a scroll of identify for 28 gold pieces
  4044 | D        | Bought a scroll of identify for 20 gold pieces
  4044 | D        | Bought a scroll of identify for 20 gold pieces
  4179 | D        | Killed a mummy priest
  4180 | D        | Reached skill level 15 in Spellcasting
  4464 | D        | Noticed the 27-headed Lernaean hydra
  4501 | D        | Slain by the 27-headed Lernaean hydra

Illustrated notes

Levels and vault maps discovered:
D:        dungeon_sprint_1 [red_sonja_temple_1, red_sonja_temple_small_1]

Skill      XL: |  1  2  3  4  5  6  7  8  9 10 11 12 |
---------------+-------------------------------------+-----
Stealth        | 8 13 18 19 20 21 23 24 26 27 | 27.0
Fighting       | 4 6 7 9 10 12 13 | 13.1
Short Blades   | 6 8 10 11 13 15 16 | 16.7
Dodging        | 7 9 11 14 16 18 19 | 19.6
Spellcasting   | 11 15 | 15.1

Action                     |  1- 3 |  4- 6 |  7- 9 | 10-12 || total
---------------------------+-------+-------+-------+-------++-------
  Melee: Short sword       |    14 |     4 |    31 |    10 ||    59
         Rapier            |       |       |    33 |    53 ||    86
         Punch             |       |       |     1 |     3 ||     4
         Dagger            |       |       |       |   117 ||   117
 Invoke: Berserk           |     1 |       |     1 |     4 ||     6
         Trog's Hand       |       |       |     3 |     7 ||    10
         Brothers in Arms  |       |       |       |     4 ||     4
  Evoke: Wand              |       |       |       |     3 ||     3
    Use: Scroll            |       |       |     1 |     9 ||    10
         Potion            |       |       |       |     1 ||     1
   Stab: Sleeping          |     1 |     4 |    15 |    20 ||    40
         Distracted        |       |       |       |     1 ||     1
 Armour: Animal skin       |       |       |       |     6 ||     6
  Dodge: Dodged            |     4 |       |    37 |   118 ||   159
